[Event "*** Titled Tuesday Blitz"]
[Site "Chess.com"]
[Date "2021.04.27"]
[Round "9"]
[White "canary2016"]
[Black "RamyresCoelho"]
[Result "1/2-1/2"]
[WhiteElo "1994"]
[BlackElo "2154"]
[TimeControl "180+1"]
[EndTime "11:46:08 PDT"]
[Termination "Game drawn by agreement"]

1. d4 c5 2. d5 d6 3. Nf3 Nf6 4. Nc3 g6 5. e4 Bg7 6. Bd3 O-O 7. O-O Nbd7 8. Be3 Ng4 9. Qe2 Nxe3 10. fxe3 Ne5 11. Nd2 Bg4 12. Qf2 Bh6 13. Nc4 Nxd3 14. cxd3 a6 15. a4 Rb8 16. a5 Bd7 17. Nb6 Be8 18.
d4 Qc7 19. Rac1 cxd4 20. exd4 Bxc1 21. Rxc1 Bb5 22. Qd2 Qd8 23. e5 dxe5 24. dxe5 e6 25. d6 f6 26. exf6 Qxf6 27. Nxb5 axb5 28. Nd7 Qd8 29.
Nxf8 Qxf8 30. d7 Rd8 31. Rd1 Qc5+ 32. Kh1 Qc6 33. Qd6 Qxd6 34. Rxd6 Kf7 35. h3 Ke7 36. Rb6 Rxd7 37. Rxb5 Rc7 38. b4 Kd7 39. Kh2 Kc8 40. Rb6 Re7 41. Rd6 Kc7 42. Rd4 e5 43. Re4 Kc6 44.
Kg3 Kb5 45. Kf3 Kc6 46. Ke3 Kd5 47. Rg4 Rc7 48. Kd3 Rc6 49. Rg5 h6 50. Rg4 b6 51.
axb6 Rxb6 52. g3 h5 53. Rg5 Re6 54. g4 hxg4 55. Rxg4 e4+ 56. Ke3 Re5 57. h4 Re6 58. Rg5+ Kc4 59. Rg4 Kd5 60. Rg5+ Kc4 61. Rg4 Kc3 62.
Rxe4 Rb6 63. Kf4 Rb5 64. Re5 Rxb4+ 65. Kg5 Rb6 66. h5 gxh5 67. Kxh5 Rb2 68. Rg5 Rh2+ 69. Kg6 Rb2 70. Rg4 Kd3 71. Kg5 Ke3 72. Kh5 Kf3 73.
Rg6 Rh2+ 74. Kg5 Rg2+ 75. Kf6 Rb2 76. Kf7 Kf4 77. Rf6+ Ke5 78. Re6+ Kd5 79. Rf6 Rb7+ 80. Kg6 Ke5 81. Rf5+ Ke6 82. Rf6+ Ke5 83. Rf5+ Ke4 84.
Rf7 Rb8 85. Kg7 Ke5 86. Rf8 Rb7+ 87. Rf7 Rb6 88. Rf8 Rb4 89. Rf7 Rg4+ 90. Kf8 Ke6 91. Re7+ Kd6 92. Rf7 Rg6 93. Rg7 Re6 94. Rf7 Rh6 95.
Kg8 Ke6 96. Rg7 Rf6 97. Rg3 Rh6 98. Re3+ Kf5 99. Rf3+ Kg4 100. Ra3 Rg6+ 101. Kf7 Rb6 102. Ra4+ Kf5 103. Ra5+ Ke4 104. Kg7 1/2-1/2

[Event "*** Titled Tuesday Blitz"]
[Site "Chess.com"]
[Date "2021.04.27"]
[Round "10"]
[White "nrvisakh"]
[Black "atbenina64"]
[Result "1-0"]
[WhiteElo "2792"]
[BlackElo "2515"]
[TimeControl "180+1"]
[EndTime "11:48:23 PDT"]
[Termination "nrvisakh won by resignation"]

1. e4 c6 2. Nf3 d5 3. d3 e6 4. Nbd2 Nf6 5. g3 g6 6. Bg2 Bg7 7. O-O O-O 8. Re1 Nbd7 9. e5 Ne8 10. d4 c5 11. c3 b5 12. Nf1 b4 13. h4 Nc7 14. h5 Nb5 15. Bd2 bxc3 16. bxc3 Nb6 17. Ne3 Rb8 18. Rb1 Nc4 19. Nxc4 dxc4 20. a4 1-0

[Event "*** Titled Tuesday Blitz"]
[Site "Chess.com"]
[Date "2021.04.27"]
[Round "10"]
[White "harlem4brew"]
[Black "nocnypako"]
[Result "1-0"]
[WhiteElo "2412"]
[BlackElo "2531"]
[TimeControl "180+1"]
[EndTime "11:49:25 PDT"]
[Termination "harlem4brew won by resignation"]

1. d4 Nf6 2. Nf3 g6 3. c4 Bg7 4.
Nc3 d5 5. cxd5 Nxd5 6. e4 Nxc3 7.
bxc3 c5 8. Be3 Bg4 9. Be2 Nc6 10.
e5 cxd4 11. cxd4 Qa5+ 12. Kf1 O-O 13. h3 Bxf3 14. Bxf3 Rfd8 15. Bxc6 bxc6 16. Qc2 c5 17. Qxc5 Qxc5 18. dxc5 Bxe5 19. Rc1 Rab8 20. g3 Rb2 21. a4 Ra2 22. Rc4 Rc8 23. Kg2 Rc6 24. Rd1 Rc7 25. c6 Bd6 26. Bf4 Kf8 27. Rxd6 1-0

[Event "*** Titled Tuesday Blitz"]
[Site "Chess.com"]
[Date "2021.04.27"]
[Round "10"]
[White "klimkoj"]
[Black "NiranjanNavalgund"]
[Result "0-1"]
[WhiteElo "2599"]
[BlackElo "2489"]
[TimeControl "180+1"]
[EndTime "11:49:32 PDT"]
[Termination "NiranjanNavalgund won by resignation"]

1. e4 e5 2. Nf3 Nc6 3. Bb5 a6 4. Ba4 Nf6 5. O-O Be7 6. Re1 b5 7. Bb3 d6 8. c3 O-O 9. h3 Nb8 10. d4 Nbd7 11. c4 c6 12. a3 bxc4 13. Bxc4 Nxe4 14.
Rxe4 d5 15. Re1 dxc4 16. dxe5 Nc5 17. Nbd2 Be6 18. Qe2 Qd3 19. Ne4 Nb3 20. Bg5 Qxe2 21. Rxe2 Bxg5 22. Rd1 Be7 23. Nc3 Rfd8 24. Rde1 Bc5 25.
Ne4 h6 26. Kh2 Be7 27. Nc3 Rd3 28.
Nb1 Rad8 29. Nc3 Bxa3 0-1

[Event "*** Titled Tuesday Blitz"]
[Site "Chess.com"]
[Date "2021.04.27"]
[Round "10"]
[White "ChristopherYoo"]
[Black "moro182"]
[Result "1-0"]
[WhiteElo "2937"]
[BlackElo "2707"]
[TimeControl "180+1"]
[EndTime "11:49:40 PDT"]
[Termination "ChristopherYoo won by resignation"]

1. e4 e5 2. Nf3 Nc6 3. Bb5 a6 4. Ba4 Nf6 5. d4 b5 6. Bb3 Qe7 7. O-O d6 8. Nc3 h6 9. d5 Na5 10. a4 b4 11. Na2 Nxb3 12. cxb3 a5 13. Qc2 Ba6 14. Qc6+ Kd8 15. Qxa8+ Bc8 16. Qxa5 g5 17. Nxb4 Qd7 18. Nc6+ Ke8 19. Qb4 g4 20. Nh4 Nh5 21.
a5 Be7 22. Nf5 Bg5 23. a6 Bxc1 24. a7 Nf4 25. a8=Q 1-0

[Event "*** Titled Tuesday Blitz"]
[Site "Chess.com"]
[Date "2021.04.27"]
[Round "10"]
[White "MFBerna"]
[Black "FMOlexandrProhorov"]
[Result "1-0"]
[WhiteElo "2445"]
[BlackElo "2264"]
[TimeControl "180+1"]
[EndTime "11:49:45 PDT"]
[Termination "MFBerna won by resignation"]

1. d4 Nf6 2. Nf3 g6 3. g3 Bg7 4. Bg2 d5 5. O-O O-O 6. Bf4 Bf5 7. Nbd2 Nbd7 8. c4 c6 9. Rc1 Rc8 10. Qb3 Qb6 11. c5 Qxb3 12. axb3 Nh5 13. Be3 e5 14. dxe5 Nxe5 15. Nd4 Bd7 16. h3 f5 17. f4 Nf7 18.
Kh2 Rfe8 19. Bf2 Bxd4 20. Bxd4 Rxe2 21. Rf2 Rce8 22. Rcf1 Ng7 23. Nf3 Ne6 24. Rxe2 1-0

[Event "*** Titled Tuesday Blitz"]
[Site "Chess.com"]
[Date "2021.04.27"]
[Round "10"]
[White "picturesquecheck"]
[Black "stolencandy13"]
[Result "0-1"]
[WhiteElo "2306"]
[BlackElo "2469"]
[TimeControl "180+1"]
[EndTime "11:50:02 PDT"]
[Termination "stolencandy13 won by resignation"]

1. e4 c6 2. d4 d5 3. e5 Bf5 4. h4 h5 5. Bd3 Bxd3 6. Qxd3 e6 7. Nf3 c5 8. c3 Nc6 9. Bg5 Qb6 10. b3 cxd4 11.
cxd4 Bb4+ 12. Nbd2 Qa6 13. Qxa6 bxa6 14. O-O Nge7 15. Rac1 Kd7 16. Rfd1 Rac8 17. Nb1 Nf5 18. a3 Ba5 19. g3 Bb6 20. Be3 Ncxd4 21. Bxd4 Rxc1 22. Rxc1 Nxd4 23. Nxd4 Bxd4 24. Re1 Rc8 25. Kg2 Rc2 0-1

[Event "*** Titled Tuesday Blitz"]
[Site "Chess.com"]
[Date "2021.04.27"]
[Round "10"]
[White "MPGM"]
[Black "Leonid_Starozhilov"]
[Result "0-1"]
[WhiteElo "2506"]
[BlackElo "2690"]
[TimeControl "180+1"]
[EndTime "11:50:13 PDT"]
[Termination "Leonid_Starozhilov won by resignation"]

1. c4 Nf6 2. Nc3 g6 3. g3 Bg7 4.
Bg2 O-O 5. e3 d6 6. Nge2 c6 7. O-O a5 8. b3 e5 9. Bb2 Na6 10. d4 Qe7 11. Rc1 Re8 12. dxe5 dxe5 13. Na4 Bf5 14. a3 Rad8 15. Qe1 Bd3 16. c5 Ne4 17.
Qxa5 Bxe2 18. Bxe4 Bxf1 19. Rxf1 f5 20. Bd3 Rxd3 0-1

[Event "*** Titled Tuesday Blitz"]
[Site "Chess.com"]
[Date "2021.04.27"]
[Round "10"]
[White "TomasKapitanchuk"]
[Black "kubal123"]
[Result "1-0"]
[WhiteElo "2539"]
[BlackElo "2310"]
[TimeControl "180+1"]
[EndTime "11:50:22 PDT"]
[Termination "TomasKapitanchuk won by checkmate"]

1. e4 c6 2. d4 d5 3. exd5 cxd5 4. Bd3 Nc6 5. c3 Nf6 6. Bf4 Bg4 7. Qb3 Qc8 8. Nd2 e6 9. Ne2 Be7 10. Ng3 O-O 11. O-O Nh5 12. Nxh5 Bxh5 13. Rfe1 Bg6 14. Bxg6 hxg6 15. Qd1 Qd7 16. Qf3 Bf6 17. Qh3 Ne7 18. Nf3 Nf5 19. g4 Nd6 20. g5 Be7 21. Ne5 Qc8 22.
Qg4 Nf5 23. h4 Bd6 24. Kg2 Bxe5 25. Bxe5 Qd7 26. h5 Rae8 27. Rh1 Re7 28. Rae1 b5 29. Rh3 a5 30. Reh1 b4 31. h6 gxh6 32. Rxh6 Nxh6 33. Rxh6 f5 34. gxf6 Rh7 35. Qxg6+ Kh8 36. f7# 1-0

[Event "*** Titled Tuesday Blitz"]
[Site "Chess.com"]
[Date "2021.04.27"]
[Round "10"]
[White "zurzan"]
[Black "IsuruAlahakoon"]
[Result "0-1"]
[WhiteElo "2015"]
[BlackElo "2171"]
[TimeControl "180+1"]
[EndTime "11:50:30 PDT"]
[Termination "IsuruAlahakoon won by resignation"]

1. f4 e5 2. fxe5 d6 3. exd6 Bxd6 4. g3 h5 5. Nf3 h4 6. Rg1 hxg3 7. hxg3 Nf6 8. Nc3 Nh5 9. Ne4 Bf5 10. Nxd6+ Qxd6 11.
Kf2 Bg6 12. d3 Nc6 13. e4 O-O-O 14. Be3 Nf6 15. Qc1 Ng4+ 16. Ke2 Bh5 17. Ke1 Nxe3 18. Qxe3 Bxf3 19. Qxf3 Nd4 20. Qd1 Rh2 21. c3 Nc2+ 0-1

[Event "*** Titled Tuesday Blitz"]
[Site "Chess.com"]
[Date "2021.04.27"]
[Round "10"]
[White "szefru"]
[Black "PavelChernomordik"]
[Result "0-1"]
[WhiteElo "2190"]
[BlackElo "2387"]
[TimeControl "180+1"]
[EndTime "11:50:40 PDT"]
[Termination "PavelChernomordik won by checkmate"]

1. e4 g6 2. d4 Bg7 3. Be3 d6 4. Qd2 a6 5. Nc3 b5 6. f3 Nd7 7.
O-O-O Bb7 8. g4 Rc8 9. h4 h6 10. h5 g5 11. Nge2 c5 12. Ng3 b4 13. Nb1 Qa5 14.
Nf5 Bf6 15. dxc5 Qxa2 16. Bd4 Nxc5 17. Qxb4 Nb3+ 18. Qxb3 Qxb3 19. Bxf6 Qxc2# 0-1

[Event "*** Titled Tuesday Blitz"]
[Site "Chess.com"]
[Date "2021.04.27"]
[Round "10"]
[White "superchess02"]
[Black "rpragchess"]
[Result "0-1"]
[WhiteElo "2789"]
[BlackElo "2904"]
[TimeControl "180+1"]
[EndTime "11:50:43 PDT"]
[Termination "rpragchess won by resignation"]

1. c4 Nf6 2. Nf3 g6 3. g3 Bg7 4.
Bg2 d6 5. O-O Nc6 6. Nc3 Bd7 7.
d4 Qc8 8. d5 Ne5 9. Nxe5 dxe5 10.
f4 exf4 11. Bxf4 O-O 12. Rc1 Ng4 13. e4 Ne5 14. c5 c6 15. d6 exd6 16. Qxd6 Re8 17. Qd2 Be6 18. Kh1 Bc4 19. Ne2 Bxa2 20. Nd4 Be6 21. Bxe5 Bxe5 22. Nxe6 Qxe6 23. b4 Rad8 24. Qh6 Rd4 25. Ra1 a6 26. Rab1 Red8 27. Qh4 f6 28. Qh6 Qe7 29. Qe3 Rd3 30. Qe2 Rd2 31.
Qc4+ Kg7 32. Bf3 R8d4 33. Qc1 h5 34. Rd1 Rxd1+ 35. Bxd1 h4 36. Qe3 Qd7 0-1

[Event "*** Titled Tuesday Blitz"]
[Site "Chess.com"]
[Date "2021.04.27"]
[Round "10"]
[White "NateSolon"]
[Black "WPWPWP-2015"]
[Result "1-0"]
[WhiteElo "2621"]
[BlackElo "2415"]
[TimeControl "180+1"]
[EndTime "11:50:52 PDT"]
[Termination "NateSolon won by resignation"]

1. d4 d5 2. c4 dxc4 3. Nf3 Nf6 4.
e3 e6 5. Bxc4 a6 6. O-O c5 7. Be2 cxd4 8. Nxd4 Be7 9. Bf3 O-O 10.
Nc3 Nbd7 11. b3 Ne5 12. Bb2 Nxf3+ 13. Qxf3 e5 14. Nf5 Bb4 15. Rfd1 Qa5 16. Nd5 Nxd5 17. Rxd5 b5 18. Nxg7 Bc3 19. Nh5 e4 20. Rg5+ 1-0

[Event "*** Titled Tuesday Blitz"]
[Site "Chess.com"]
[Date "2021.04.27"]
[Round "10"]
[White "SergioGarciaFuentes"]
[Black "retropwr"]
[Result "1-0"]
[WhiteElo "2347"]
[BlackElo "2235"]
[TimeControl "180+1"]
[EndTime "11:50:52 PDT"]
[Termination "SergioGarciaFuentes won by resignation"]

1. Nf3 d6 2. d4 Bg4 3. g3 Nd7 4. Bg2 e5 5. O-O c6 6. c4 Ngf6 7. Nc3 Qc7 8. h3 Bxf3 9. exf3 Be7 10. f4 exf4 11. Bxf4 O-O 12. Re1 Rfe8 13. c5 Nf8 14.
Rxe7 Qxe7 15. Bxd6 Qd7 16. b4 Ne6 17. a4 Nc7 18. b5 Ncd5 19. Nxd5 cxd5 20. Qb3 Ne4 21.
Qxd5 Nxd6 22. cxd6 Rad8 23. Qxb7 Qxb7 24. Bxb7 Rxd6 25.
d5 Re4 26. a5 Rb4 27. b6 axb6 28. a6 Rd8 29. a7 1-0

[Event "*** Titled Tuesday Blitz"]
[Site "Chess.com"]
[Date "2021.04.27"]
[Round "10"]
[White "Sueetin"]
[Black "Andrii_Prydun"]
[Result "1-0"]
[WhiteElo "2498"]
[BlackElo "2340"]
[TimeControl "180+1"]
[EndTime "11:50:55 PDT"]
[Termination "Sueetin won by resignation"]

1. d4 d5 2. c4 c6 3. cxd5 cxd5 4. Bf4 Nf6 5. e3 Nc6 6. Nc3 Bf5 7. Qb3 Qd7 8. Nf3 O-O-O 9. Bb5 Ne4 10. Ne5 Qe6 11.
Rc1 Nc5 12. dxc5 Nxe5 13. O-O g5 14. Bg3 Bg7 15. c6 bxc6 16. Na4 Nc4 17. Ba6+ 1-0

[Event "*** Titled Tuesday Blitz"]
[Site "Chess.com"]
[Date "2021.04.27"]
[Round "10"]
[White "Gmedmundo"]
[Black "CraiggoryC"]
[Result "0-1"]
[WhiteElo "2400"]
[BlackElo "2243"]
[TimeControl "180+1"]
[EndTime "11:50:55 PDT"]
[Termination "CraiggoryC won on time"]

1. e4 e6 2. d4 d5 3. Nd2 Be7 4. Ngf3 Nf6 5. e5 Nfd7 6. Bd3 c5 7. c3 Nc6 8. O-O a5 9. a4 cxd4 10. cxd4 Nb4 11. Bb1 b6 12. Re1 Ba6 13. Ra3 Nb8 14.
Rc3 N8c6 15. Nf1 Rc8 16. Ng3 g6 17. Bh6 b5 18. axb5 Bxb5 19. Qc2 Nxc2 0-1

[Event "*** Titled Tuesday Blitz"]
[Site "Chess.com"]
[Date "2021.04.27"]
[Round "10"]
[White "volkanyirik"]
[Black "pastouche06"]
[Result "0-1"]
[WhiteElo "2428"]
[BlackElo "2573"]
[TimeControl "180+1"]
[EndTime "11:51:09 PDT"]
[Termination "pastouche06 won by resignation"]

1. e4 c6 2. Nc3 d5 3. d4 b5 4.
a3 a6 5. Nf3 Bg4 6. h3 Bxf3 7.
Qxf3 e6 8. Be3 Nf6 9. e5 Nfd7 10. Bd3 c5 11. Qg3 cxd4 12. Bxd4 Nc6 13. Ne2 Qc7 14. f4 Nxd4 15. Nxd4 g6 16. O-O Bc5 17. c3 Qb6 18.
Qf2 O-O 19. b4 Bxd4 20. cxd4 Rfc8 21. Rad1 Rc3 22. f5 exf5 23. Bxf5 gxf5 24. Qxf5 Qe6 25. Qg5+ Kh8 26. Qd2 Rg3 27. Qf4 Rag8 28. Rd2 Qxh3 29. Rff2 Qh5 30. Rde2 Rh3 31. Rf1 Qxe2 0-1

[Event "*** Titled Tuesday Blitz"]
[Site "Chess.com"]
[Date "2021.04.27"]
[Round "10"]
[White "Nozdrachev_Leonid"]
[Black "monalize"]
[Result "0-1"]
[WhiteElo "2604"]
[BlackElo "2424"]
[TimeControl "180+1"]
[EndTime "11:51:16 PDT"]
[Termination "monalize won by resignation"]

1. e4 e5 2. Nf3 Nc6 3. Bb5 a6 4.
Ba4 Nf6 5. O-O Be7 6. Bxc6 dxc6 7. d3 Nd7 8. b3 O-O 9. Bb2 f6 10. a4 Re8 11. h3 Nc5 12. Re1 Bf8 13. Nbd2 Ne6 14.
a5 c5 15. Nf1 Nd4 16. Nxd4 cxd4 17. Nd2 b5 18. axb6 cxb6 19. Rf1 Qc7 20. f4 b5 21. Nf3 exf4 22. Bxd4 Bb7 23. Qd2 Rac8 24. c4 Rcd8 25. Bc3 Bxe4 26. Ba5 Qa7+ 27. Kh1 Rxd3 28. Qxf4 Rxb3 29. Nd2 Rxh3+ 0-1

[Event "*** Titled Tuesday Blitz"]
[Site "Chess.com"]
[Date "2021.04.27"]
[Round "10"]
[White "beto-betun"]
[Black "HanSchut"]
[Result "1-0"]
[WhiteElo "2222"]
[BlackElo "2263"]
[TimeControl "180+1"]
[EndTime "11:51:17 PDT"]
[Termination "beto-betun won by resignation"]

1. d4 Nf6 2. Nf3 g6 3. g3 Bg7 4. Bg2 O-O 5. O-O d5 6. c4 dxc4 7. Qc2 Nc6 8. Qxc4 Be6 9. Qc2 Nxd4 10. Nxd4 Qxd4 11. Be3 Qb4 12. Bc5 Qc4 13. Qxc4 Bxc4 14. Rc1 Bxe2 15. Bxe7 Rfe8 16. Rxc7 Nd5 17. Bxd5 Bxb2 18.
Bxf7+ Kxf7 19. Ba3+ Kg8 20. Bxb2 Bf3 21. Nd2 Bc6 22.
Rg7+ Kf8 23. Rxh7 Rad8 24. Nc4 Re2 25. Rh8+ Ke7 26. Bf6+ Kxf6 27. Rxd8 1-0

[Event "*** Titled Tuesday Blitz"]
[Site "Chess.com"]
[Date "2021.04.27"]
[Round "10"]
[White "chessflav"]
[Black "ErikBlomqvist"]
[Result "0-1"]
[WhiteElo "2343"]
[BlackElo "2566"]
[TimeControl "180+1"]
[EndTime "11:51:19 PDT"]
[Termination "ErikBlomqvist won by checkmate"]

1. e4 c6 2. Nc3 d5 3. Nf3 dxe4 4.
Nxe4 Nf6 5. Nxf6+ exf6 6. d4 Bd6 7. Bd3 O-O 8. O-O Re8 9. h3 Nd7 10. c3 Nf8 11. a4 a5 12. Qc2 Bc7 13. Bd2 Qd6 14.
Rfe1 Be6 15. c4 Rad8 16. b3 Bc8 17. Rad1 g6 18. Bc3 Ne6 19. d5 Ng5 20. Rxe8+ Rxe8 21. Be2 Nxf3+ 22. gxf3 Qh2+ 23. Kf1 Qh1# 0-1

[Event "*** Titled Tuesday Blitz"]
[Site "Chess.com"]
[Date "2021.04.27"]
[Round "10"]
[White "Kildepiotr"]
[Black "salomez"]
[Result "1-0"]
[WhiteElo "2596"]
[BlackElo "2146"]
[TimeControl "180+1"]
[EndTime "11:51:25 PDT"]
[Termination "Kildepiotr won by resignation"]

1. Nf3 Nf6 2. g3 g6 3. Bg2 Bg7 4. O-O d5 5. d4 O-O 6. c4 dxc4 7. Na3 Nc6 8. Nxc4 Be6 9. b3 Bd5 10. Bb2 a5 11. Rc1 a4 12. Ne3 axb3 13. Nxd5 Nxd5 14.
Qxb3 Na5 15. Qd3 c6 16. e4 Nb4 17. Qb1 c5 18. Rfd1 Qc8 19. Rxc5 Qg4 20. h3 Qd7 21. d5 Rfc8 22. Rxc8+ Rxc8 23. Bxg7 1-0

[Event "*** Titled Tuesday Blitz"]
[Site "Chess.com"]
[Date "2021.04.27"]
[Round "10"]
[White "Shuvalov"]
[Black "MVM2008"]
[Result "1-0"]
[WhiteElo "2440"]
[BlackElo "2269"]
[TimeControl "180+1"]
[EndTime "11:51:28 PDT"]
[Termination "Shuvalov won by resignation"]

1. e4 e5 2. Nf3 Nf6 3. Nc3 Bc5 4.
Nxe5 Nc6 5. Nd3 Bb6 6. Be2 h5 7.
O-O Ng4 8. Nd5 Qh4 9. h3 d6 10.
Nxb6 axb6 11. Ne1 Nd4 12. c3 Nxe2+ 13. Qxe2 Ne5 14. d4 Bg4 15. f3 Qg3 16. fxg4 hxg4 17. Bf4 Qh4 18. dxe5 gxh3 19. g3 h2+ 20. Kh1 Qh3 21.
exd6 Ra4 22. Ng2 1-0

[Event "*** Titled Tuesday Blitz"]
[Site "Chess.com"]
[Date "2021.04.27"]
[Round "10"]
[White "Bigfish1995"]
[Black "tapu2"]
[Result "1-0"]
[WhiteElo "2987"]
[BlackElo "2727"]
[TimeControl "180+1"]
[EndTime "11:51:36 PDT"]
[Termination "Bigfish1995 won by resignation"]

1. d4 Nf6 2. c4 e6 3. Nf3 d5 4. g3 Bb4+ 5. Bd2 a5 6. Qc2 O-O 7.
Bg2 c5 8. O-O cxd4 9. Nxd4 Nc6 10. Nb5 d4 11. Rd1 Bc5 12. Bg5 h6 13. Bxf6 Qxf6 14.
Nd2 e5 15. Ne4 Qe7 16. Nxc5 Qxc5 17. a3 Be6 18. Nc7 Qxc4 19. Qxc4 Bxc4 20. Nxa8 Rxa8 21. e3 Rd8 22. Rac1 Be2 23. Rd2 d3 24. Rc3 f5 25.
Rc5 Re8 26. f4 exf4 27. exf4 Nd4 28. Kf2 Nb3 29. Bd5+ 1-0

[Event "*** Titled Tuesday Blitz"]
[Site "Chess.com"]
[Date "2021.04.27"]
[Round "10"]
[White "AsaHoffmann"]
[Black "Witik"]
[Result "0-1"]
[WhiteElo "2366"]
[BlackElo "2669"]
[TimeControl "180+1"]
[EndTime "11:51:36 PDT"]
[Termination "Witik won by resignation"]

1. d4 d6 2. e4 c6 3. Be3 h6 4. f4 Nd7 5. Nf3 Qc7 6. Nc3 e5 7.
Qd2 Ngf6 8. h3 Be7 9. O-O-O b5 10. a3 Bb7 11. fxe5 dxe5 12. d5 b4 13. dxc6 Bxc6 14.
axb4 Bxb4 15. Qd3 Qa5 16. Qc4 Bxc3 17. Qxc3 Qa1+ 18. Kd2 Nxe4+ 19. Ke2 Nxc3+ 20. bxc3 Qxc3 0-1

[Event "*** Titled Tuesday Blitz"]
[Site "Chess.com"]
[Date "2021.04.27"]
[Round "10"]
[White "shreyansshah123"]
[Black "catzapto"]
[Result "0-1"]
[WhiteElo "1696"]
[BlackElo "2091"]
[TimeControl "180+1"]
[EndTime "11:51:36 PDT"]
[Termination "catzapto won by resignation"]

1. e4 c5 2. Nf3 e6 3. d4 cxd4 4. Nxd4 Nf6 5. Nc3 Bb4 6. Bd3 O-O 7. O-O d5 8. exd5 Bxc3 9. bxc3 Nxd5 10. c4 Nf6 11.
Ba3 Re8 12. Nf3 Nc6 13. Qe2 e5 14. Rfe1 Bg4 15. h3 Nd4 16. Qd1 Nxf3+ 17. gxf3 Bxh3 18. Kh2 Qc8 19. f4 e4 20. Bf1 Ng4+ 21. Kg1 Bxf1 22. Kxf1 Qf5 23. Bd6 Rad8 24. c5 Nh2+ 25. Kg2 Nf3 26.
Re3 Qg4+ 27. Kf1 Re6 28. Qd5 Qg1+ 29. Ke2 Qxa1 30. Rxe4 Qe1+ 31. Kd3 Qxe4+ 32. Qxe4 Rxe4 33. Kxe4 Nd2+ 0-1

[Event "*** Titled Tuesday Blitz"]
[Site "Chess.com"]
[Date "2021.04.27"]
[Round "10"]
[White "Konavets"]
[Black "jefferyx"]
[Result "0-1"]
[WhiteElo "2966"]
[BlackElo "3013"]
[TimeControl "180+1"]
[EndTime "11:51:37 PDT"]
[Termination "jefferyx won by resignation"]

1. e4 c5 2. Nf3 d6 3. d4 cxd4 4.
Nxd4 Nf6 5. Nc3 a6 6. Be2 e5 7. Nb3 Be7 8. O-O O-O 9. Kh1 Be6 10.
f4 exf4 11. Bxf4 Nc6 12. Bd3 Rc8 13. Qe1 Re8 14. Rd1 Nd7 15. Qf2 Nce5 16. Nd5 Bxd5 17. exd5 Bh4 18. Qd2 Nb6 19. Bf5 Nbc4 20. Qd4 Rc7 21.
Bxe5 Rxe5 22. Be4 Bf6 23. Qd3 Nxb2 24. Bxh7+ Kf8 25. Qh3 Nxd1 26. Rxd1 Qe8 27. Qg3 g6 28. Rf1 Kg7 29. Nd4 Kxh7 0-1

[Event "*** Titled Tuesday Blitz"]
[Site "Chess.com"]
[Date "2021.04.27"]
[Round "10"]
[White "Gusarov91"]
[Black "UmbertoConcelli"]
[Result "1-0"]
[WhiteElo "2643"]
[BlackElo "2792"]
[TimeControl "180+1"]
[EndTime "11:51:39 PDT"]
[Termination "Gusarov91 won by resignation"]

1. e4 c5 2. Nf3 d6 3. Bb5+ Bd7 4. Bxd7+ Nxd7 5. O-O Ngf6 6. Re1 e6 7. c3 Be7 8. d4 cxd4 9. Nxd4 d5 10. exd5 Nxd5 11. Nf5 O-O 12. Nxe7+ Nxe7 13. Bg5 Nf6 14. Nd2 Qd3 15.
Bxf6 gxf6 16. Qg4+ Ng6 17. Ne4 f5 18. Nf6+ Kg7 19.
Qg5 h6 20. Nh5+ Kh7 21. Qf6 Rg8 22. Qxf7+ Kh8 23. Qf6+ Kh7 24. Rad1 Qb5 25. Qxe6 Raf8 26.
Nf6+ Rxf6 27. Qxf6 Rg7 28. c4 Qxc4 29. Qxf5 Qa4 30.
Rd6 Qb4 31. Ree6 Qxb2 32. g3 Qc1+ 33. Kg2 Qg5 34. Qe4 b5 35. h4 Qh5 36. g4 Qxg4+ 37. Qxg4 Nf4+ 38. Kf3 Rxg4 39. Kxg4 Nxe6 40. Rxe6 1-0

[Event "*** Titled Tuesday Blitz"]
[Site "Chess.com"]
[Date "2021.04.27"]
[Round "10"]
[White "Kostukov_Alex"]
[Black "onnoelgersma"]
[Result "0-1"]
[WhiteElo "2311"]
[BlackElo "2458"]
[TimeControl "180+1"]
[EndTime "11:51:39 PDT"]
[Termination "onnoelgersma won by resignation"]

1. g3 d5 2. Bg2 Nf6 3. d3 e5 4.
e4 dxe4 5. dxe4 Qxd1+ 6. Kxd1 c6 7. f3 Be7 8. Be3 O-O 9. Nd2 Be6 10. Bh3 Bxh3 11.
Nxh3 Nbd7 12. Nf2 b5 13. Ke2 Rfd8 14. a4 a6 15. Nd3 Ne8 16. Ra2 c5 17. axb5 axb5 18.
Rha1 Rxa2 19. Rxa2 c4 20. Nf2 Nc7 21. Ra7 Ne6 22.
c3 Bc5 23. b3 Bxa7 24. Bxa7 cxb3 25. Nxb3 Ra8 26. Be3 Ra2+ 27. Kd3 Rb2 28. Nd1 Rxb3 29. Kc2 Ra3 0-1

[Event "*** Titled Tuesday Blitz"]
[Site "Chess.com"]
[Date "2021.04.27"]
[Round "10"]
[White "djano"]
[Black "levallem"]
[Result "1-0"]
[WhiteElo "2466"]
[BlackElo "2270"]
[TimeControl "180+1"]
[EndTime "11:51:46 PDT"]
[Termination "djano won by checkmate"]

1. d4 Nf6 2. Nf3 g6 3. Bf4 Bg7 4. Nc3 d6 5. e4 Nbd7 6. Qd2 O-O 7.
O-O-O Re8 8. Bh6 e5 9. Bxg7 Kxg7 10. dxe5 Nxe5 11. Nd4 Ned7 12. Bd3 Nc5 13. f3 Be6 14. g4 Nxd3+ 15. cxd3 c5 16. Nf5+ gxf5 17. gxf5 Bd7 18. Rhg1+ Kh8 19. Rg5 Rg8 20. Rdg1 Rxg5 21. Qxg5 Nh5 22.
Qxh5 Qf6 23. Nd5 Qd4 24. Qg5 Bb5 25. Nf6 Qxf6 26. Qxf6# 1-0

[Event "*** Titled Tuesday Blitz"]
[Site "Chess.com"]
[Date "2021.04.27"]
[Round "10"]
[White "Irishchessman16"]
[Black "nss13"]
[Result "0-1"]
[WhiteElo "2317"]
[BlackElo "2539"]
[TimeControl "180+1"]
[EndTime "11:51:50 PDT"]
[Termination "nss13 won by resignation"]

1. e4 c5 2. Nc3 Nc6 3. Bb5 Nd4 4. Nf3 g6 5. Nxd4 cxd4 6. Ne2 Bg7 7. Rb1 Nf6 8. Ng3 O-O 9. O-O d5 10. e5 Ne4 11.
Qe1 Nxg3 12. hxg3 Qc7 13. c3 Bxe5 14. d3 Bf5 15. Bh6 Rfd8 0-1

[Event "*** Titled Tuesday Blitz"]
[Site "Chess.com"]
[Date "2021.04.27"]
[Round "10"]
[White "azikom"]
[Black "TimofeevAr"]
[Result "1/2-1/2"]
[WhiteElo "2658"]
[BlackElo "2813"]
[TimeControl "180+1"]
[EndTime "11:51:51 PDT"]
[Termination "Game drawn by repetition"]

1. d4 Nf6 2. Nf3 b6 3. g3 Bb7 4. Bg2 g6 5. O-O Bg7 6. c4 O-O 7. Nc3 e6 8. b3 Ne4 9. Bb2 d6 10. Qc2 Nxc3 11. Bxc3 Nd7 12. Rfd1 Qe7 13. Rac1 a5 14.
Bf1 Bxf3 15. exf3 e5 16. dxe5 Bxe5 17. Bd2 Qf6 18. f4 Bd4 19. Bg2 Rae8 20. Re1 Nc5 21. Rcd1 Re6 22. Rxe6 Nxe6 23. Bc1 Re8 24. Re1 Re7 25. Re4 Nc5 26. Rxe7 Qxe7 27. Kf1 Kg7 28. h4 Qe6 29. Bd5 Qf5 30. Qxf5 gxf5 31. Ke2 h5 32. Be3 Bxe3 33. Kxe3 Nd7 34. Bf3 Nf6 35. Kd4 Kf8 36.
Be2 Ke7 37. f3 c5+ 38. Ke3 d5 39. cxd5 Nxd5+ 40. Kd2 Kd6 41. a4 Nf6 42. Bc4 Ke7 43. Bd3 Ke6 44. Bc4+ Ke7 45. Bd3 Ke6 46. Bc4+ Ke7 1/2-1/2

[Event "*** Titled Tuesday Blitz"]
[Site "Chess.com"]
[Date "2021.04.27"]
[Round "10"]
[White "Lenyas66"]
[Black "northridgehawk"]
[Result "1-0"]
[WhiteElo "2493"]
[BlackElo "2355"]
[TimeControl "180+1"]
[EndTime "11:51:55 PDT"]
[Termination "Lenyas66 won by resignation"]

1. e4 e5 2. Nf3 Nc6 3. Bb5 a6 4. Ba4 Nf6 5. O-O b5 6. Bb3 Bc5 7. a4 Rb8 8. axb5 axb5 9. c3 d6 10. d4 Bb6 11. Qd3 O-O 12. Be3 Re8 13. Nbd2 Bg4 14.
Ng5 Bh5 15. f4 exd4 16. cxd4 Ng4 17. e5 Bg6 18. Bxf7+ Bxf7 19. Qxh7+ Kf8 20. Nxf7 Qe7 21. Nh8 Qe6 22. Ng6+ Kf7 23. f5 Qd5 24. e6+ Rxe6 25. fxe6+ Kxe6 26. Nf4+ 1-0